 Dungeon Crawl Stone Soup version 0.20-a0-1017-gc3250ce (webtiles) character file.

3 Gorglomux the Skirmisher (level 1, 8/14 HPs)
             Began as a Kobold Berserker on Apr 16, 2017.
             Was a Follower of Trog.
             Got out of the dungeon alive.
             The game lasted 00:00:18 (91 turns).

Gorglomux the Skirmisher (Kobold Berserker)           Turns: 91, Time: 00:00:20

Health: 8/14       AC:  2    Str: 14    XL:     1   Next: 55%
Magic:  1/1        EV: 15    Int:  8    God:    Trog [*.....]
Gold:   6          SH:  0    Dex: 14    Spells: 0/0 levels left

rFire    . . .     SeeInvis .   a - +0 mace
rCold    . . .     Gourm    .   (shield restricted)
rNeg     . . .     Faith    .   b - +0 animal skin
rPois    .         Spirit   .   (no helmet)
rElec    .         Reflect  .   (no cloak)
rCorr    .         Harm     .   (no gloves)
MR       .....                  (no boots)
Stlth    +.........             (no amulet)
Regen    0.1/turn               (no ring)
MPRegen  0.1/turn               (no ring)

@: no status effects
A: carnivore 3
a: Berserk, Burn Spellbooks, Renounce Religion


You escaped.
You worshipped Trog.
Trog was aware of your devotion.
You were full.

You visited 1 branch of the dungeon, and saw 1 of its levels.

You collected 6 gold pieces.

Inventory:

Hand Weapons
 a - a +0 mace (weapon)
Armour
 b - a +0 animal skin (worn)
Comestibles
 c - a meat ration {@e2@e2}


   Skills:
 + Level 3.5 Fighting
 * Level 2.7 Maces & Flails
 - Level 1.5 Armour
 - Level 2.4 Dodging


You couldn't memorise any spells.
You didn't know any spells.

Dungeon Overview and Level Annotations

Branches:
Dungeon (1/15)

Altars:


Innate Abilities, Weirdness & Mutations

You are small and have problems with some larger weapons.
You are carnivorous and can eat meat at any time.


Message History

Welcome, Gorglomux the Kobold Berserker.
Will you be the one to retrieve the fabulous Orb of Zot from the depths?
Trog says: Kill them all!
Found a staircase leading out of the dungeon.
You enter the shallow water.
Moving in this stuff is going to be slow.
As you open the door, it creaks loudly!
You hear an angry hiss.
There is an open door here.
A frilled lizard comes into view.
A frilled lizard is nearby!
You closely miss the frilled lizard.
The frilled lizard hisses angrily.
The frilled lizard closely misses you.
You closely miss the frilled lizard. The frilled lizard closely misses you.
You hit the frilled lizard.
You kill the frilled lizard!
Trog accepts your kill.
No target in view!
No target in view!
No target in view!
A leopard gecko comes into view.
A leopard gecko is nearby!
A leopard gecko is nearby!
The leopard gecko hisses angrily.
You hear an angry hiss.
A frilled lizard comes into view.
The leopard gecko barely misses you.
The frilled lizard hisses.
The leopard gecko barely misses you.
You barely miss the leopard gecko. The leopard gecko misses you.
You closely miss the leopard gecko. The leopard gecko bites you.
You take 2 damage, and have 12/14 hp.
You barely miss the frilled lizard. The leopard gecko barely misses you.
The frilled lizard bites you but does no damage.
The leopard gecko bites you. The frilled lizard barely misses you.
You take 3 damage, and have 9/14 hp.
MASSIVE DAMAGE!!
A red film seems to cover your vision as you go berserk!
You feel yourself moving faster!
You feel mighty!
You feel quite a bit more hungry.
The leopard gecko bites you but does no damage.
The frilled lizard closely misses you.
You now have 13/21 hp.
You hit the leopard gecko.
You kill the leopard gecko!
Trog accepts your kill. The frilled lizard misses you.
You see here a leopard gecko corpse.
You feel a strong urge to attack something.
The frilled lizard misses you.
You closely miss the frilled lizard. The frilled lizard closely misses you.
You completely miss the frilled lizard. The frilled lizard closely misses you.
You closely miss the frilled lizard. You miss the frilled lizard.
The frilled lizard barely misses you.
You miss the frilled lizard.
You are no longer berserk.
You are exhausted.
You feel yourself slow down. The frilled lizard bites you.
You now have 9/14 hp.
You miss the frilled lizard. The frilled lizard misses you.
The frilled lizard bites you.
You take 1 damage, and have 8/14 hp.
You closely miss the frilled lizard. The frilled lizard closely misses you.
The frilled lizard barely misses you.
You miss the frilled lizard. The frilled lizard misses you. x2
You closely miss the frilled lizard. The frilled lizard misses you.
You barely miss the frilled lizard. The frilled lizard bites you.
The frilled lizard hisses.
The frilled lizard closely misses you.
You take 2 damage, and have 6/14 hp.
You sock the frilled lizard!
You kill the frilled lizard!
Trog accepts your kill.
You see here a frilled lizard corpse.
You butcher the frilled lizard corpse.
d - a chunk of flesh {@w0@w0} You see here a leopard gecko corpse.
You butcher the leopard gecko corpse.
d - 3 chunks of flesh {@w0@w0} (gained 2)
You now have 6 gold pieces.
Eating one of 3 chunks of flesh {@w0@w0}.
You eat one of the 3 chunks of flesh {@w0@w0}.
This raw flesh tastes great.
Eating one of 2 chunks of flesh {@w0@w0}.
You eat one of the 2 chunks of flesh {@w0@w0}.
This raw flesh tastes great.
Eating a chunk of flesh {@w0@w0}.
You eat the chunk of flesh {@w0@w0}.
This raw flesh tastes great.
You feel yourself speed up.
You feel less exhausted.
There is an open door here.
There is a staircase leading out of the dungeon here.
Are you sure you want to leave the Dungeon?
This will make you lose the game!
You have escaped!

#...## ..#..#
#....###
##.....#
###†#.# #####
#.#.# ##≈≈≈♣##
#.#.###≈≈≈♣..#
#.#...#♣♣♣..###
#.###.'......@#
#.# #.#♣♣♣..###
#.# #.#≈≈≈♣..#
#.##≈≈≈♣##
#.##### #.# #.#
#.# #.#


There were no monsters in sight!

Vanquished Creatures
  A leopard gecko (D:1)
  2 frilled lizards (D:1)
3 creatures vanquished.

Notes
Turn   | Place    | Note
-------+----------+-------------------------------------------
     0 | D:1      | Gorglomux the Kobold Berserker began the quest for the Orb.
     0 | D:1      | Reached XP level 1. HP: 14/14 MP: 1/1
    91 | D:$      | Got out of the dungeon alive.

Vault maps used:
D:1:      saegor_arrival_simple_d

Action                   || total
-------------------------++-------
Melee: Mace              ||    18
Invok: Berserk           ||     1
  Eat: Chunk             ||     3
Armor: Animal skin       ||     2
Dodge: Dodged            ||    20

Vault maps used:
D:1:      saegor_arrival_simple_d

Table legend:
 A = Turns spent in this place as a percentage of turns spent in the entire game.
 B = Non-inter-level travel turns spent in this place as a percentage of non-inter-level travel turns spent in the entire game.
 C = Inter-level travel turns spent in this place as a percentage of turns spent in this place.
 D = Turns resting spent in this place as a percentage of non-inter-level travel turns spent in this place.
 E = Turns spent auto-exploring this place as a percentage of non-inter-level travel turns spent in this place.
 F = Non-inter-level travel turns spent in this place divided by the number of levels of this place that you've seen.
                   A       B       C       D       E      F
               +-------+-------+-------+-------+-------+----------------------
         Total | 100.0 | 100.0 |   2.4 |   0.0 |   5.0 |  40.0
       Dungeon | 100.0 | 100.0 |   2.4 |   0.0 |   5.0 |  40.0
               +-------+-------+-------+-------+-------+----------------------

Table legend:
 A = Kills in this place as a percentage of kills in entire the game.
 B = Kills by you in this place as a percentage of kills by you in the entire game.
 C = Kills by friends in this place as a percentage of kills by friends in the entire game.
 D = Other kills in this place as a percentage of other kills in the entire game.
 E = Experience gained in this place as a percentage of experience gained in the entire game.
 F = Experience gained in this place divided by the number of levels of this place that you have seen.
                   A       B       C       D       E      F
               +-------+-------+-------+-------+-------+----------------------
         Total | 100.0 | 100.0 |  -nan |  -nan | 100.0 |   5.0
       Dungeon | 100.0 | 100.0 |  -nan |  -nan | 100.0 |   5.0
               +-------+-------+-------+-------+-------+----------------------
